[Event "13th KIIT Festival-A 2022"]
[Site "Bhubaneswar"]
[Date "2022.05.28"]
[Round "9.1"]
[White "Nikitenko, Mihail"]
[Black "Amonatov, Farrukh"]
[Result "0-1"]
[ECO "B96"]
[WhiteElo "2479"]
[BlackElo "2622"]
[Annotator "TA"]
[PlyCount "126"]
[EventDate "2022.05.15"]
[EventType "swiss"]
[EventCountry "IND"]
[SourceTitle "playchess.com"]
[Source "ChessBase"]
[SourceQuality "1"]
[TimeControl "5400+30"]

1. e4 c5 2. Nf3 d6 3. d4 cxd4 4. Nxd4 Nf6 5. Nc3 a6 6. Bg5 e6 7. f4 Qc7 8. Qf3 {[%emt 0:00:07] 8.Bxf6 is more advanced technology.} b5 9. Bxf6 gxf6 10. a3 {[%emt 0:00:03] B96: Sicilian Najdorf: 6 Bg5 e6 7 f4, lines other than 7...Qb6 and 7...Be7.} Nc6 11. Nxc6 Qxc6 12. f5 {[%emt 0:00:19] White is slightly better.} Qc5 13. O-O-O {[%emt 0:07:29][%cal Oe4e5] [#]} Qe5 $5 $146 {[%emt 0:02:24][%mdl 8] An interesting novelty.} (13... b4 $11 14. axb4 Qxb4) ({Predecessor:} 13... Bb7 14. Be2 h5 15. Kb1 Ke7 16. Rhf1 Qe5 17. fxe6 fxe6 18. Qf2 Rd8 19. Qb6 Rd7 20. Nxb5 Bxe4 {0-1 (33) Robson,R (2527)-Vachier Lagrave,M (2718) Puerto Madryn 2009}) 14. Bd3 (14. Qh5 $16) 14... Bb7 (14... Rb8 $11 {remains equal.}) 15. Rhf1 h5 16. Kb1 ({Much weaker is} 16. fxe6 fxe6 17. Qxf6 Qxf6 18. Rxf6 Bh6+ 19. Kb1 Ke7 $11) 16... Be7 17. Ne2 O-O-O 18. Nf4 Rdg8 19. Qh3 Kb8 $1 20. Rde1 h4 21. Nd5 Bd8 22. Ne3 Rf8 (22... Bxe4 $2 23. Ng4 Rxg4 24. Qxg4 exf5 25. Qg7 $18) 23. Ng4 Qc5 24. Rf4 e5 25. Rff1 Rfg8 26. Qf3 Be7 27. Ne3 Rc8 (27... Bf8 $14) 28. c3 Bf8 29. Bc2 Bh6 30. Bb3 Bxe3 31. Rxe3 d5 32. exd5 Rhg8 33. Rd3 Rg5 34. Qe4 Qd6 35. Rf2 Rcg8 36. h3 {[%emt 0:00:08] Prevents Rg4.} Qc5 (36... Rh5 $16 37. Bd1 Rhg5) 37. Rdd2 (37. Qxh4 $18 {and the rest is easy. Threatens to win with g4.} a5 38. g4) 37... Rh8 $16 38. Ka2 Rg3 39. Rf3 Rg5 {[%emt 0:00:02] [#]} 40. Qe1 ({White should play} 40. c4 $1 $18 ) 40... a5 $14 41. Qf2 Qxf2 42. Rfxf2 (42. Rdxf2 $2 {is the wrong capture.} a4 43. Bd1 Bxd5+ 44. Kb1 Bxf3 45. Bxf3 Rxf5 $19) 42... Rhg8 (42... a4 $11 43. Bc2 Kc7) 43. a4 bxa4 44. Bxa4 Rxg2 45. c4 ({Better is} 45. Rxg2 $14 Rxg2 46. Rd1) 45... Rxf2 $1 $11 46. Rxf2 {[%emt 0:00:04][%cal Ob2b4][%mdl 4096] Endgame KRB-KRB} Kc7 47. b4 axb4 {[%emt 0:01:04] Strongly threatening ...Rg3.} 48. Rb2 e4 49. Kb3 Kd6 {[%emt 0:03:54] Hoping for ...Kc5.} 50. Kxb4 {[%emt 0:00:08] Kc3 is the strong threat.} Bc8 51. Kc3 $2 (51. Rd2 $1 $11 {and White stays safe.}) 51... Ke5 $19 {[%emt 0:00:42] White must now prevent ...Rg3+.} ({Don't take} 51... Bxf5 52. Kd4 Ra8 53. c5+ Ke7 54. Bc6 $18) 52. Rb8 Rg3+ 53. Kb4 $2 (53. Kb2 $17 Bxf5 54. Re8+ Kd6 55. Rd8+ Kc7 56. Rh8 Rg2+ 57. Kc3) 53... Bxf5 54. Re8+ {[%emt 0:00:03] [#]} Kf4 $1 55. d6 (55. c5 {was called for.} Rxh3 56. Rh8) 55... Rd3 56. c5 Rd4+ 57. Kb5 {[%emt 0:00:03] [#]} Rxa4 $1 {[%emt 0:00:42][%mdl 512] KRB-KR} 58. c6 {[%emt 0:00:03] Prevents Bd7.} Rd4 59. Kc5 Rd1 60. Re7 e3 {[%emt 0:01:23][%cal Be4e3,Be3e2][%mdl 32] ( -> ...Be6)} 61. d7 {[%emt 0:00:59] [#]} Bxd7 $1 62. cxd7 {[%emt 0:00:02] [#]} Rxd7 $3 63. Rxd7 e2 {[%emt 0:00:07] What a bad dream for White.  Weighted Error Value: White=0.82/Black=0.10 (very precise)} 0-1

[Event "13th KIIT Festival-A 2022"]
[Site "Bhubaneswar"]
[Date "2022.05.28"]
[Round "9.2"]
[White "Stupak, Kirill"]
[Black "Mirzoev, Azer"]
[Result "1/2-1/2"]
[ECO "D15"]
[WhiteElo "2440"]
[BlackElo "2476"]
[Annotator "TA"]
[PlyCount "61"]
[EventDate "2022.05.15"]
[EventType "swiss"]
[EventCountry "IND"]
[SourceTitle "playchess.com"]
[Source "ChessBase"]
[SourceQuality "1"]
[TimeControl "5400+30"]

1. d4 d5 2. c4 c6 3. Nf3 Nf6 4. Nc3 a6 5. a4 e6 6. Bg5 Nbd7 7. e3 Qa5 8. Nd2 {[%emt 0:02:18] D15: Slav Defence: 4 Nc3 a6 and gambit lines after 4 Nc3 dxc4.} Bb4 9. Qc2 {[%emt 0:01:53] Prevents Ne4.} dxc4 {[%emt 0:00:26] The position is equal.} 10. Bxf6 Nxf6 11. Nxc4 {[%emt 0:00:12] Pair of Knights!} Qc7 12. Be2 c5 {[%emt 0:00:10] [#]} 13. dxc5 $146 ({Predecessor:} 13. O-O cxd4 14. exd4 O-O 15. Qb3 Bd6 16. Nxd6 Qxd6 17. Rfd1 Bd7 18. Qxb7 Rfb8 19. Qf3 {½-½ (33) Beliavsky,A (2628)-Eljanov,P (2702) Legnica 2013}) 13... Bxc5 14. O-O O-O 15. Ne4 Nxe4 16. Qxe4 Bd7 17. Bf3 Bc6 18. Qe5 Qxe5 19. Nxe5 Bxf3 20. Nxf3 Rfd8 21. Rfd1 Kf8 22. Kf1 Ke7 23. Ke2 Rxd1 24. Rxd1 Rd8 25. Rxd8 Kxd8 $11 {[%emt 0:00:07][%mdl 4096] Endgame KB-KN} 26. Ne5 Ke7 27. Nd3 Bd6 28. h3 f5 29. f4 g6 30. b3 Kd7 31. Nb2 {[%emt 0:01:12] A balanced but interesting game.  Weighted Error Value: White=0.03 (flawless) /Black=0.02 (flawless)} 1/2-1/2

[Event "13th KIIT Festival-A 2022"]
[Site "Bhubaneswar"]
[Date "2022.05.28"]
[Round "9.3"]
[White "Aleksandrov, Aleksej"]
[Black "Fedorov, Alexei"]
[Result "1/2-1/2"]
[WhiteElo "2492"]
[BlackElo "2529"]
[Annotator "TA"]
[PlyCount "19"]
[EventDate "2022.05.15"]
[EventType "swiss"]
[EventCountry "IND"]
[SourceTitle "playchess.com"]
[Source "ChessBase"]
[SourceQuality "1"]
[TimeControl "5400+30"]

1. e4 c5 2. Nf3 d6 3. d4 cxd4 4. Nxd4 Nf6 5. Nc3 a6 6. Be3 {[%emt 0:00:02] [#]} Ng4 $146 ({Predecessor:} 6... e5 7. Nb3 Be6 8. f3 h5 9. Nd5 Bxd5 10. exd5 Nbd7 11. Qd2 g6 12. O-O-O Nb6 13. Kb1 Nbxd5 14. Bg5 Be7 15. a3 Qc7 16. g3 Rd8 {1-0 (67) Dominguez Perez,L (2753)-Deac,B (2671) Bucharest 2022}) 7. Bc1 Nf6 8. Be3 Ng4 9. Bc1 Nf6 10. Be3 {[%emt 1:35:17] 10.Be3 has lost popularity.} 1/2-1/2

[Event "13th KIIT Festival-A 2022"]
[Site "Bhubaneswar"]
[Date "2022.05.28"]
[Round "9.4"]
[White "Savchenko, Boris"]
[Black "Sidhant, Mohapatra"]
[Result "1-0"]
[ECO "B99"]
[WhiteElo "2524"]
[BlackElo "2327"]
[Annotator "TA"]
[PlyCount "59"]
[EventDate "2022.05.15"]
[EventType "swiss"]
[EventCountry "IND"]
[SourceTitle "playchess.com"]
[Source "ChessBase"]
[SourceQuality "1"]
[TimeControl "5400+30"]

1. e4 c5 2. Nf3 d6 3. d4 cxd4 4. Nxd4 Nf6 5. Nc3 a6 6. Bg5 e6 7. f4 Be7 8. Qf3 Qc7 9. O-O-O Nbd7 10. g4 b5 11. Bxf6 Nxf6 12. g5 Nd7 13. f5 O-O {[%emt 0:00:20] ...b4 is the strong threat. B99: Sicilian Najdorf: 6 Bg5 e6 7 f4 Be7 8 Qf3 Qc7 9 0-0-0 Nbd7.} 14. h4 (14. f6 gxf6 15. gxf6 Nxf6 $17) 14... b4 $1 15. Nce2 {[%emt 0:00:06] Hoping for Nf4.} e5 {[%emt 0:03:09] Against Nf4. The position is equal.} ({Resist} 15... Ne5 16. Qg3 $14) 16. f6 $1 exd4 17. fxe7 Re8 {[%emt 0:00:09] [#]} 18. Rxd4 $146 ({Predecessor:} 18. Nxd4 Ne5 19. Qg3 Bg4 20. Rd2 Qxe7 21. Be2 Bxe2 22. Rxe2 Nc4 23. Rd1 Qe5 24. Qxe5 dxe5 {1-0 (43) Pichot,A (2630)-Aliavdin,N (2315) Chess.com INT 2020}) 18... Ne5 19. Qg3 Qb6 20. Bh3 {[%emt 1:08:22] Against Bg4} Rxe7 21. Rhd1 Bxh3 22. Qxh3 Rae8 (22... a5 $14) 23. Nf4 $1 $16 ({Reject} 23. Rxd6 Qf2 24. Ng3 g6 $11) 23... Qc5 {[%emt 0:00:00] [#]} 24. Nd5 $1 Rb7 25. h5 (25. b3 $18) 25... Nc6 26. Nf6+ gxf6 27. Rd5 $40 {[%emt 0:00:04][%cal Bd4d5,Bd5f5,Bf5e5][%mdl 160] White mounts an attack.} Qf2 {[%emt 0:00:00] White must now prevent ...Qf4+.} 28. Rf5 {[%emt 0:00:07] Against Qf4+} Qe2 (28... Qa7 $1 $14) 29. gxf6 {[%emt 0:00:18] Intending Qg3+ and mate. The board is on fire.} Ne5 $2 {[%emt 0:00:00][%mdl 8192] [#]} (29... Ne7 $16 30. fxe7 Rc7 31. Qg3+ Kh8) 30. Rxe5 $1 {[%emt 0:00:39][%mdl 512] Weighted Error Value: White=0.09 (flawless) /Black=0.42} 1-0

[Event "13th KIIT Festival-A 2022"]
[Site "Bhubaneswar"]
[Date "2022.05.28"]
[Round "9.5"]
[White "Karthikeyan, P.."]
[Black "Azaladze, Shota"]
[Result "0-1"]
[ECO "B06"]
[WhiteElo "2361"]
[BlackElo "2420"]
[Annotator "TA"]
[PlyCount "96"]
[EventDate "2022.05.15"]
[EventType "swiss"]
[EventCountry "IND"]
[SourceTitle "playchess.com"]
[Source "ChessBase"]
[SourceQuality "1"]
[TimeControl "5400+30"]

1. e4 g6 2. d4 Bg7 3. Nc3 c6 4. Be3 Qb6 5. a3 d6 6. Nf3 {[%emt 0:01:05] B06: Modern Defence.} Nf6 7. h3 O-O 8. Bd3 {[%emt 0:01:25] White is slightly better.} Qc7 {[%emt 0:01:07] has lost popularity (8...Nbd7).} 9. Qd2 Nbd7 10. Bh6 e5 {[%emt 0:00:29] [#]} 11. O-O-O $146 ({Predecessor:} 11. O-O Re8 12. Rfe1 Nf8 13. Ne2 Nh5 14. Rad1 Ne6 15. Bc4 Nef4 16. Bxg7 Kxg7 17. Nxf4 Nxf4 18. dxe5 dxe5 {½-½ (68) Grischuk,A (2728)-Morozevich,A (2788) Moscow 2008}) 11... b5 12. Bxg7 Kxg7 13. h4 h5 $1 14. Ne2 Ng4 (14... Rb8 $15) 15. Ng3 f6 $1 16. Rhf1 Qb6 ({Better is} 16... a5 $15) 17. Be2 $14 Rf7 $2 {[%emt 0:04:52] [#]} (17... Qc7 $14) 18. Ne1 (18. Ng5 $1 $18 fxg5 19. Bxg4 hxg4 20. Qxg5) 18... Nf8 $1 19. f3 Nh6 20. f4 exf4 21. Qxf4 (21. Rxf4 $16 Bg4 22. e5 dxe5 23. dxe5) 21... Bg4 $11 22. Nf3 (22. Qxd6 $5 Rd8 23. Qc5 $11) 22... Ne6 23. Qd2 d5 24. exd5 (24. e5 $14 {stays ahead.} Bxf3 25. gxf3) 24... cxd5 $17 25. Nh2 Bxe2 26. Nxe2 a5 27. Rf3 b4 ({But not} 27... Nf5 28. g4 Nxh4 29. Rh3 $11) 28. a4 Rc8 {[%emt 0:00:37] And now ...Rfc7 would win.} 29. Kb1 Qd6 {[%emt 0:09:28] Black is more active.} 30. Nf1 Ng4 (30... f5 $15) 31. Ne3 $11 f5 32. Nxg4 hxg4 33. Re3 f4 34. Re5 Rh8 35. g3 $2 (35. h5 $11) 35... f3 $19 36. Nc1 {[%emt 0:00:06] [#]} Rh5 $2 (36... Nc5 $1 $19 {[%cal Rc5e4][%mdl 512] aiming for ...Ne4.} 37. Nd3 Ne4) 37. Nd3 $1 $11 Kh7 38. Qe3 Ng7 39. Nf4 (39. Qd2 $11 {deserves consideration.}) 39... Rxe5 (39... Rhf5 $5 ) 40. dxe5 Nf5 (40... Qa6 $11 {keeps the balance.}) 41. Qe1 $16 (41. exd6 $2 Nxe3 42. Rd2 Nc4 $19) 41... Qc5 {[%emt 0:01:27] Hoping for ...f2.} 42. e6 ({Not} 42. Rxd5 $2 f2 43. Qc1 (43. Rxc5 $2 {loses.} fxe1=Q+ 44. Ka2 Qxg3 $19) 43... Qe3 $19) (42. h5 $1 $14 Rc7 43. Rd2) 42... Rc7 43. Qd2 Ne3 $36 {[%emt 0:03:29][%mdl 2048] Black is pushing.} 44. Rc1 (44. Re1 $11 d4 45. h5) 44... d4 $19 {[%emt 0:01:14] Black is clearly winning.} 45. h5 gxh5 46. Qd3+ (46. Qh2 $142 b3 47. e7) 46... Qf5 47. Qxf5+ (47. e7 $142 Rxe7 48. Rh1 Qxd3 49. Rxh5+ Kg7 50. Nxd3) 47... Nxf5 48. Nd5 Rc8 {[%emt 0:01:15] Weighted Error Value: White=0.53/Black=0.24 (precise)} 0-1

[Event "13th KIIT Festival-A 2022"]
[Site "Bhubaneswar"]
[Date "2022.05.28"]
[Round "9.6"]
[White "Arpita, Mukherjee"]
[Black "Nitin, S.."]
[Result "1/2-1/2"]
[ECO "B42"]
[WhiteElo "2275"]
[BlackElo "2399"]
[Annotator "TA"]
[PlyCount "34"]
[EventDate "2022.05.15"]
[EventType "swiss"]
[EventCountry "IND"]
[SourceTitle "playchess.com"]
[Source "ChessBase"]
[SourceQuality "1"]
[TimeControl "5400+30"]

1. e4 c5 2. Nf3 e6 3. d4 cxd4 4. Nxd4 a6 5. Bd3 g6 6. O-O Bg7 7. Nb3 Ne7 8. Nc3 {[%emt 0:03:44] B42: Sicilian: Kan Variation: 5 Bd3.} O-O 9. Bg5 h6 10. Bh4 {[%emt 0:00:16] White is slightly better.} Nbc6 11. f4 {[%emt 0:04:23] [#]} Qb6+ $146 ({Predecessor:} 11... f5 12. exf5 gxf5 13. Rf3 Qc7 14. Qd2 b5 15. Bf2 Bb7 16. Rg3 Rad8 17. Nc5 Bc8 {½-½ (47) Borges Feria,Y (2406)-Macias Murillo,B (2218) Havana 2008}) 12. Bf2 Qc7 13. Bh4 Qb6+ 14. Bf2 Qc7 15. Bh4 Qb6+ 16. Bf2 Qc7 17. Bh4 Qb6+ {[%emt 0:00:09] Weighted Error Value: White=0.23 (precise) /Black=0.03 (flawless)} 1/2-1/2

[Event "13th KIIT Festival-A 2022"]
[Site "Bhubaneswar"]
[Date "2022.05.28"]
[Round "9.7"]
[White "Audi Ameya"]
[Black "Aaryan Varshney"]
[Result "1-0"]
[ECO "E69"]
[WhiteElo "2389"]
[BlackElo "2308"]
[Annotator "TA"]
[PlyCount "157"]
[EventDate "2022.05.15"]
[EventType "swiss"]
[EventCountry "IND"]
[SourceTitle "playchess.com"]
[Source "ChessBase"]
[SourceQuality "1"]
[TimeControl "5400+30"]

1. Nf3 Nf6 2. g3 g6 3. c4 Bg7 4. Nc3 O-O 5. Bg2 d6 6. d4 Nbd7 7. O-O e5 8. e4 c6 9. h3 Re8 10. Be3 exd4 11. Nxd4 Nc5 12. Qc2 a5 13. Rad1 Qe7 14. Rfe1 a4 15. f4 {[%emt 0:00:05] White is more active.} Qc7 {[%emt 0:00:48] E69: King's Indian: Fianchetto: 6...Nbd7 7 0-0 e5 8 e4 c6 9 h3.} (15... Ncxe4 16. Bf2 $16) 16. Bf2 Qa5 17. g4 Nfd7 {[%emt 0:01:03] [#] White is slightly better.} 18. Kh1 $146 ({Predecessor:} 18. Nce2 Na6 19. Ng3 Nb4 20. Qb1 Nc5 21. a3 Nba6 22. Qc1 Qc7 23. Qc2 Nb8 24. Kh2 {1-0 (42) Fernandez,J (2428)-Iturbide,H (2229) ICCF email 2020}) 18... Qb4 19. a3 Qa5 (19... Qxc4 $2 20. Bf1 b5 21. Bxc4 $18) 20. Na2 Nb6 21. Nb4 Bd7 {[%emt 0:01:02] White stays focused until the end.} (21... Bf8 $14) 22. Nf3 Be6 23. Bf1 Rad8 24. f5 Bc8 25. Bg3 Bf8 (25... Nbd7 $16) 26. Bh4 (26. e5 $1 $18) 26... Rd7 (26... Nbd7 $16 27. Bxd8 Qxd8) 27. Bf6 $18 {[%emt 0:01:14] Strongly threatening Bc3.} Rc7 28. Bc3 $1 Qa8 29. Qf2 Nbd7 30. Qh4 (30. Qd4 Ne5 $14) 30... Ne5 {[%emt 0:03:51] [#]} 31. Bg2 (31. Ng5 f6 32. Ne6 (32. Bxe5 $2 fxg5 33. Qxg5 Rxe5 $19) 32... Nxe6 33. fxe6 Bxe6 $17) (31. Bxe5 dxe5 32. Nd3 (32. Ng5 h6 $11) 32... Nxd3 33. Rxd3 (33. Bxd3 Qa5 $11) 33... Kg7 $16) (31. Rxd6 $3 $18 {[%mdl 512] and the rest is easy.} Bxd6 (31... Nxf3 32. Qf6) 32. Nxe5 (32. Qf6 $2 Rce7 $19)) 31... Ncd7 (31... Rd7 $16 {is a better defense.}) 32. Rf1 {[%emt 0:01:43] And now Nd3 would win.} (32. Ng5 h6 $14) 32... Nxf3 {[%emt 0:00:43] [#]} 33. Bxf3 (33. fxg6 $1 $18 fxg6 34. Rxf3) 33... Ne5 $2 (33... b6 $16 34. fxg6 fxg6) 34. Be2 $40 {[%emt 0:00:25][%mdl 128] White has strong attack.} (34. c5 $18 {is more deadly.}) 34... Rd7 $2 (34... b6 $16 {keeps fighting.}) 35. Nd3 {[%emt 0:01:36][%cal Oc4c5] aiming for c5!} Be7 $2 (35... c5 36. Nf4 b6) 36. Qf2 g5 37. f6 (37. Nxe5 $6 dxe5 38. f6 (38. Bxe5 c5 $16) 38... Bf8 $18) 37... Bf8 {[%emt 0:00:52] [#]} 38. Nxe5 (38. Qf5 Ng6 $16) 38... dxe5 39. Qf5 Rxd1 40. Qxg5+ Kh8 {[%emt 0:00:07] White must now prevent ...Rxf1+.} 41. Rxd1 b6 (41... Qa7 {was called for.} 42. c5 (42. Bxe5 Qc5 $14) 42... Be6) 42. Bxe5 Qa5 43. Bf4 {[%emt 0:00:16] e5 is the strong threat.} ({Not} 43. c5 Qxc5 44. Qf4 (44. Bf4 Qf2 $11) 44... Qxe5 $14) 43... Qxg5 44. Bxg5 Kg8 45. Bd3 Bd6 46. Bc2 Bc7 47. Kg2 b5 48. cxb5 cxb5 49. Rd5 Re5 (49... Be5 {might work better.} 50. Rxb5 Bd7) 50. Bd2 Be6 51. Rxe5 Bxe5 {[%emt 0:00:02][%mdl 4096] Endgame KBB-KBB} 52. Bc3 Bf4 53. Kf3 Bc1 54. Bd3 Bd7 55. e5 Bc6+ 56. Be4 Bd7 57. Kg3 h6 58. Bf5 Be8 59. e6 fxe6 60. Bxe6+ Bf7 61. Bxf7+ Kxf7 {[%emt 0:00:08] KB-KB} 62. h4 Ke6 63. Kf3 {[%emt 0:00:38] White threatens Ke4 and mate.} Kf7 64. Ke4 (64. Bd4 $18 Bd2 65. Ke4) 64... Ke6 {[%emt 0:00:16] White mates.} 65. Be5 Bd2 66. Bd4 b4 67. axb4 Bxb4 68. g5 hxg5 69. hxg5 a3 70. bxa3 Bxa3 71. g6 Bc1 72. f7 Bh6 73. Kf3 Bf8 74. Kg4 Bh6 75. Kh5 Bf8 76. Bc3 Bc5 77. Bg7 Bb4 78. f8=Q Bxf8 79. Bxf8 {[%emt 0:00:05] Weighted Error Value: White=0.27 (precise) /Black=0.45} 1-0

[Event "13th KIIT Festival-A 2022"]
[Site "Bhubaneswar"]
[Date "2022.05.28"]
[Round "9.8"]
[White "Paichadze, Luka"]
[Black "Dhananjay S"]
[Result "1-0"]
[ECO "B53"]
[WhiteElo "2567"]
[BlackElo "2218"]
[Annotator "TA"]
[PlyCount "49"]
[EventDate "2022.05.15"]
[EventType "swiss"]
[EventCountry "IND"]
[SourceTitle "playchess.com"]
[Source "ChessBase"]
[SourceQuality "1"]
[TimeControl "5400+30"]

1. e4 c5 2. Nf3 d6 3. d4 cxd4 4. Qxd4 Nf6 5. Bg5 Nc6 6. Bb5 {[%emt 0:00:12] B53: Sicilian: 2...d6: Lines with Qxd4.} Bd7 {[%emt 0:12:24] The main line 6...Bd7 scores better than 6...Qa5+.} 7. Qd3 a6 8. Bxc6 {[%emt 0:00:34] White is slightly better.} Bxc6 9. Bxf6 gxf6 10. Nc3 e6 11. O-O-O Be7 12. Nd4 Qa5 13. f4 ({Don't play} 13. Nxc6 bxc6 14. f4 Rg8 $11) 13... Bd7 14. Kb1 {[%emt 0:03:19] [#]} O-O-O $146 ({Predecessor:} 14... Rc8 15. f5 b5 16. Qh3 b4 17. fxe6 fxe6 18. Nce2 Qe5 19. Rhe1 h5 20. Qf3 Rc4 21. Qd3 Rc5 22. g3 a5 23. Nf4 Kf7 24. Nf3 {1-0 (24) Chadaev,N (2591)-Wanyama,H (2280) Chess.com INT 2016}) 15. Qe2 Kb8 16. Nb3 Qc7 17. Qh5 Rdf8 18. Rd3 b5 {[%emt 0:02:24] [#]} (18... h6 $142) 19. a3 $1 $16 {[%emt 0:05:54] White is much more active. The black rooks are badly placed.} Qb6 20. Rg3 Qf2 (20... a5 $16) 21. f5 $18 exf5 22. Rd1 {[%emt 0:03:03] Threatens to win with Nd4.} f4 (22... fxe4 $16 {was necessary.} 23. Nxe4 Qf4) 23. Rg7 Rc8 $2 {[%emt 0:06:56] [#]} (23... Qa7 24. Rxf7 Rxf7 25. Qxf7 Bd8 26. Rxd6 Bc8) 24. Qxf7 Rhe8 25. Nd4 {[%emt 0:02:03] Weighted Error Value: White=0.09 (flawless) /Black=0.25 (precise)} ({Weaker is} 25. Qd5 Bc6 26. Qd4 Qxd4 27. Nxd4 Bd8 28. Nxc6+ (28. Rxh7 Bxe4 29. Nxe4 Rxe4 $16) 28... Rxc6 29. Rxh7 Rc7 $18) 1-0

[Event "13th KIIT Festival-A 2022"]
[Site "Bhubaneswar"]
[Date "2022.05.28"]
[Round "9.9"]
[White "Ram Aravind L N"]
[Black "Rahman, Ziaur"]
[Result "1/2-1/2"]
[ECO "B15"]
[WhiteElo "2116"]
[BlackElo "2431"]
[Annotator "TA"]
[PlyCount "64"]
[EventDate "2022.05.15"]
[EventType "swiss"]
[EventCountry "IND"]
[SourceTitle "playchess.com"]
[Source "ChessBase"]
[SourceQuality "1"]
[TimeControl "5400+30"]

1. e4 c6 2. d4 d5 3. Nc3 dxe4 4. Nxe4 Nf6 5. Nxf6+ exf6 6. Bc4 Na6 {[%emt 0:00:59][%cal Bb8a6,Ba6c7,Bc7d5][%mdl 32] B15: Caro-Kann: 3 Nc3: 3...g6 and 3...dxe4 4 Nxe4 Nf6 5 Nxf6+ exf6.} 7. Bf4 Nc7 {[%emt 0:02:42] [#]} 8. Qe2+ $146 ({Predecessor:} 8. c3 Bd6 9. Bxd6 Qxd6 10. Qd2 O-O 11. Ne2 Re8 12. O-O Be6 13. Bd3 Rad8 14. Qc2 {1-0 (22) Mazi,L (2346)-Mouhamad,J (2226) Chess.com INT 2021}) 8... Be7 {[%emt 0:00:30] The position is equal.} 9. Nf3 O-O 10. O-O Nd5 11. Bd2 Bd6 12. Rfe1 $1 Bg4 13. h3 Bh5 14. Bd3 Nc7 15. Bf5 Nb5 {[%emt 0:07:13] aiming for ...Nxd4.} 16. Qd3 Bxf3 17. Bxh7+ (17. gxf3 g6 18. Bh6 Re8 19. Rxe8+ Qxe8 $15) 17... Kh8 {[%emt 0:00:05] Threatens to win with ...Bh5.} 18. Qxf3 ({Avoid the trap} 18. gxf3 $2 g6 19. a4 Nxd4 $19) 18... g6 {[%emt 0:05:54] [#] Prevents Qh5.} 19. Qe3 Re8 $1 ({Not} 19... Kxh7 20. Qh6+ Kg8 21. Re4 $16) 20. Qh6 {[%emt 0:00:32] White wants to mate with Bxg6+.} Rxe1+ 21. Rxe1 {[%emt 0:00:05] White threatens Bxg6+ and mate.} Bf8 22. Qh4 Qxd4 23. Bf4 {[%emt 0:01:00] Intending Bxg6+ and mate.} Kg7 (23... g5 $2 24. Qh5 $1 Kg7 25. Bf5 $1 Qxf2+ 26. Kxf2 $18) 24. Qh6+ (24. a4 $5 g5 25. Qh5 $14) 24... Kh8 25. Qh4 {[%emt 0:00:03] Threatening mate with Bxg6+.} Kg7 (25... g5 $2 26. Qh5 $1 Kg7 27. Bf5 $1 Qxf2+ 28. Kxf2 $18) 26. Qh6+ Kh8 27. Qh4 Kg7 (27... g5 $2 28. Qh5 $1 Kg7 29. Bf5 $1 Qxf2+ 30. Kxf2 $18) 28. Qh6+ $40 {[%emt 0:00:05][%mdl 128] White is up to no good.} (28. a4 $5 g5 29. Qh5 $14) 28... Kh8 29. Qh4 {[%emt 0:00:38] Bxg6+ would kill now.} Kg7 (29... g5 $2 30. Qh5 $1 Kg7 31. Bf5 $1 Qxf2+ 32. Kxf2 $18) 30. c4 (30. a4 $5 g5 31. Qh5 $14) 30... g5 31. Qh5 Qxf4 $4 {[%emt 0:01:00][%mdl 8192] [#]} (31... Bc5 $11 {and Black has nothing to worry.} 32. Be3 Qxc4) 32. g3 $1 $18 Qd4 $2 {[%emt 0:00:30][%mdl 32768] What a bad dream for Black.  Weighted Error Value: White=0.23 (precise) /Black=0.26 (precise) . An unexpected result.} (32... Qxc4 {leads to mate.} 33. Bf5) (32... Qd2 33. Rd1 Qxd1+ 34. Qxd1 Kxh7 35. cxb5 cxb5) 1/2-1/2

[Event "13th KIIT Festival-A 2022"]
[Site "Bhubaneswar"]
[Date "2022.05.28"]
[Round "9.10"]
[White "Laxman, R.R."]
[Black "Santu, Mondal"]
[Result "1-0"]
[ECO "D02"]
[WhiteElo "2420"]
[BlackElo "2097"]
[Annotator "TA"]
[PlyCount "86"]
[EventDate "2022.05.15"]
[EventType "swiss"]
[EventCountry "IND"]
[SourceTitle "playchess.com"]
[Source "ChessBase"]
[SourceQuality "1"]
[TimeControl "5400+30"]

1. d4 d5 2. Nf3 c6 3. Bf4 Nf6 4. c3 Qb6 5. Qb3 Bf5 6. Nbd2 {[%emt 0:00:00] D02: 1 d4 d5 2 Nf3 sidelines, including 2...Nf6 3 g3 and 2...Nf6 3 Bf4.} h6 7. e3 Nbd7 8. Be2 {[%emt 0:00:00] The position is equal.} e6 9. O-O Be7 10. Ne5 Nxe5 11. Bxe5 O-O 12. f3 {[%emt 0:00:00] [#]} Bg6 $146 ({Predecessor:} 12... c5 13. Qxb6 axb6 14. a3 Rac8 15. Kh1 Bg6 16. g4 Nd7 17. Bg3 f6 18. f4 f5 {½-½ (46) Zinani,A (2145)-Schumacher,H (2185) Arco 1998}) 13. a4 Nd7 14. Bg3 Rfe8 15. a5 Qxb3 16. Nxb3 a6 17. Nc1 c5 18. Nd3 Rac8 19. Rfc1 Bf6 (19... c4 $11 20. Nf4 Bh7) 20. Nf4 (20. b4 $5 ) 20... Bf5 21. b4 c4 22. Bd1 g5 23. Nh5 {[%emt 0:00:00] Black must now prevent Ba4.} Be7 $1 24. Bf2 Nb8 25. Ba4 Nc6 26. b5 (26. Re1 $14) 26... axb5 27. Bxb5 {[%emt 0:00:00] Hoping for g4.} Bg6 28. g4 {[%emt 0:00:00] Strongly threatening a6.} Red8 29. a6 bxa6 30. Rxa6 Nb8 31. Ra7 Kf8 (31... Bd6 $11) 32. Rca1 $16 {[%emt 0:00:00] White is more active.} Bd6 {[%emt 0:08:56] [#]} 33. Rb7 $1 Nc6 {[%emt 0:02:44] [#]} 34. Ra6 (34. Nf6 $1 $16 ) 34... Bxh5 (34... Nb4 $1 $11 {remains equal.} 35. cxb4 c3) 35. gxh5 Ne7 36. h4 $36 {[%emt 0:00:00][%mdl 2048] White fights for an advantage.} Ra8 $2 {[%emt 0:01:06] Loses the game.} ({Black should try} 36... Bb8 $14) 37. Rd7 $18 Rab8 38. Raxd6 Rxd7 39. Bxd7 Rd8 $2 (39... Rb1+ 40. Kg2 gxh4) 40. e4 {[%emt 0:00:00] White is clearly winning.} dxe4 41. fxe4 f6 42. Bg3 gxh4 {[%emt 0:00:49] [#]} 43. Bxe6 $1 Ra8 {[%emt 0:01:25] Weighted Error Value: White=0.11 (very precise) /Black=0.45} (43... Re8 44. Bxh4) 1-0